 Dungeon Crawl Stone Soup version 0.19-a0-1920-g83281cb (webtiles) character file.

20 Leszczynek the Cudgeler (level 2, 7/29 HPs)
             Began as an Ogre Warper on Oct 23, 2016.
             Quit the game on level 3 of the Dungeon.
             The game lasted 00:03:03 (467 turns).

Leszczynek the Cudgeler (Ogre Warper)                Turns: 467, Time: 00:03:04

Health: 7/29       AC:  3    Str: 15    XL:     2   Next: 79%
Magic:  5/5        EV: 10    Int: 12    God:
Gold:   20         SH:  0    Dex:  9    Spells: 0 memorised, 5 levels left

rFire  . . .     SeeInvis .     j - +0 whip (drain)
rCold  . . .     Gourm    .     b - +0 robe
rNeg   . . .     Faith    .     (no shield)
rPois  .         Spirit   .     (helmet restricted)
rElec  .         Reflect  .     (no cloak)
rCorr  .         Harm     .     (gloves unavailable)
MR     .....                    (boots unavailable)
Stlth  +.........               (no amulet)
                                (no ring)
                                (no ring)

@: lethally poisoned (7 -> 0)
A: unfitting armour, tough skin 1
a: no special abilities


You were on level 3 of the Dungeon.
You were not hungry.

You visited 1 branch of the dungeon, and saw 4 of its levels.

You collected 20 gold pieces.

Inventory:

Hand Weapons
 a - a +0 mace
 j - a +0 whip of draining (weapon)
Missiles
 e - 5 tomahawks of dispersal
 h - 2 large rocks (quivered)
Armour
 b - a +0 robe (worn)
Jewellery
 g - an uncursed amulet of faith
Scrolls
 f - a scroll of blinking
 i - a scroll of teleportation {unknown}
 n - a scroll of enchant armour {unknown}
Books
 c - a book of Spatial Translocations

   Spells                             Type                      Level
   a - Blink                          Translocation                2
   b - Shroud of Golubria             Charms/Translocation         2
   c - Lesser Beckoning               Translocation                3
   d - Portal Projectile              Translocation                3
   e - Teleport Other                 Translocation                3
   f - Passage of Golubria            Translocation                4
Comestibles
 d - a bread ration
 k - a meat ration
 l - a beef jerky
 m - 2 fruits


   Skills:
 - Level 2.6 Fighting
 + Level 4.3 Maces & Flails
 - Level 1.0 Throwing
 - Level 2.1 Dodging
 - Level 2.4 Spellcasting
   Level 2.1 Translocations


You had 5 spell levels left.
You didn't know any spells.

Dungeon Overview and Level Annotations

Branches:
Dungeon (4/15)
 Temple: D:4-7

Altars:

Annotations:
D:4 Pikel


Innate Abilities, Weirdness & Mutations

You are too large for most types of armour.
You have tough skin. (AC +1)


Message History

Throwing (i - inventory. (,) - cycle):
h - 4 large rocks (quivered)
Press: ? - help, Shift-Dir - straight line, f - adder
Aim: an adder (moderately wounded)
You throw a large rock.
The large rock closely misses the adder.
The adder closely misses you. The adder bites you.
Throwing (i - inventory. (,) - cycle):
h - 3 large rocks (quivered)
Press: ? - help, Shift-Dir - straight line, f/p - adder
Aim: an adder (moderately wounded)
You throw a large rock.
The large rock closely misses the adder.
You feel sick. The adder barely misses you. The adder misses you.
The adder bites you.
* * * LOW HITPOINT WARNING * * *
You are lethally poisoned!
The adder poisons you!
A frilled lizard comes into view.
You aren't carrying any potions.
Okay, then.
Are you sure you want to abandon this character and quit the game? (Confirm with "yes".)

#.........
#.(l......
#.........
#.........
#.........
#.........
#......S!. #S#
... #@#... #.#..
### #.#.# ##...
##.#.#######.....
#.....#.........#
#.....#.......#
#.....#.......#
#.........#####
## #.....###...#
##.


You could see an adder and a frilled lizard (wandering).

Vanquished Creatures
  An ooze (D:2)
  A dart slug (D:4)
  2 giant cockroaches (D:1)
  3 goblins
  A bat (D:2)
  3 kobolds
  3 rats
14 creatures vanquished.

Notes
Turn   | Place    | Note
-------+----------+-------------------------------------------
     0 | D:1      | Leszczynek the Ogre Warper began the quest for the Orb.
     0 | D:1      | Reached XP level 1. HP: 22/22 MP: 3/3
    54 | D:1      | Reached skill level 3 in Maces & Flails
   156 | D:2      | Reached XP level 2. HP: 27/29 MP: 5/5
   255 | D:2      | Reached skill level 4 in Maces & Flails
   385 | D:4      | Noticed a slave
   385 | D:4      | Noticed a slave
   386 | D:4      | Noticed Pikel
   467 | D:3      | Quit the game

Vault maps used:
D:1:      saegor_arrival_simple_d, minmay_statues_item
D:2:      uniq_iyjb
D:3:      first_bread
D:4:      bloody_trog, uniq_pikel

Skill      XL: |  1  2 |
---------------+-------+-----
Maces & Flails | 3 4 |  4.3
Fighting       | |  2.6
Throwing       | |  1.0
Dodging        | |  2.1
Spellcasting   | |  2.4
Translocations | |  2.1

Action                   || total
-------------------------++-------
Melee: Mace              ||    20
       Whip              ||    31
Throw: Large rock        ||     2
 Stab: Sleeping          ||     1
Armor: Robe              ||    12
Dodge: Dodged            ||    31
